 Dungeon Crawl Stone Soup version 0.31-a0-986-g5e6e4ef867 (webtiles) character file.

Game seed: 1879760069579493729

1847 zenocrate the Fighter (level 9, -6/71 HPs)
             Began as a Djinni Ice Elementalist on Nov 8, 2023.
             Was a Follower of Ashenzari.
             Killed from afar by a juvenile fireshock beast (7 damage)
             ... with a living lightning
             ... on level 7 of the Dungeon.
             The game lasted 00:10:45 (6406 turns).

zenocrate the Fighter (Djinni Ice Elementalist)     Turns: 6406, Time: 00:10:45

Health: -6/71      AC:  4    Str:  7    XL:     9   Next: 34%
Gold:   263        EV: 12    Int: 25    God:    Ashenzari [*.....] SH:  0 Dex: 16

rFire   + . .        a - +5 short sword of Outrage {antimagic, Fly rElec Int+3 Stlth-}
rCold   . . .        (no shield)
rNeg    . . .        o - +1 robe of Votz {rF- rCorr Dex+3}
rPois   ∞            h - +0 helmet "I Knew You'd Do That" {Elem, Comp} (curse)
rElec   +            (no cloak)
rCorr   +            (no gloves)
SInv    +            (boots unavailable)
Will    .....        (no amulet)
Stlth   +            j - ring "Irritation of Ashenzari" {rC+, Self, Fort} (curse)
HPRegen 0.31/turn    i - ring of see invisible
MPRegen 0.00/turn

%: infuse magic (-7 HP)
@: freezing walls, flying
A: sickness immunity, fire resistance 2, cold vulnerability 1, float, innate
caster, HP casting, extra vitality 1
a: Renounce Religion, Shatter the Chains


You were on level 7 of the Dungeon.
You worshipped Ashenzari.
Ashenzari was aware of your devotion.
You visited 2 branches of the dungeon, and saw 8 of its levels.

You collected 371 gold pieces.
You spent 108 gold pieces at shops.

Inventory:

Hand Weapons
 a - the +5 short sword of Outrage (weapon) {antimagic, Fly rElec Int+3 Stlth-}
   (You found it on level 6 of the Dungeon)

   Int+3:     It affects your intelligence (+3).
   rElec:     It insulates you from electricity.
   Fly:       It grants you flight.
   Stlth-:    It makes you less stealthy.
 b - a +0 dagger of protection
Armour
 h - the cursed +0 helmet "I Knew You'd Do That" (worn) {Elem, Comp}
   (You found it on level 2 of the Dungeon)

   It has a curse which improves the following skills: Elements: Fire Magic, Ice
   Magic, Air Magic and Earth Magic.
   Companions: Summonings and Necromancy.
 o - the +1 robe of Votz (worn) {rF- rCorr Dex+3}
   (You found it on level 4 of the Dungeon)

   Dex+3:     It affects your dexterity (+3).
   rF-:       It makes you vulnerable to fire.
   rCorr:     It protects you from acid and corrosion.
Jewellery
 i - a ring of see invisible (right hand)
 j - the cursed ring "Irritation of Ashenzari" (left hand) {rC+, Self, Fort}
   (You found it on level 2 of the Dungeon)

   [ring of protection from cold]

   rC+:       It protects you from cold.
   It has a curse which improves the following skills: Introspection: Fighting
   and Spellcasting.
   Fortitude: Armour and Shields.
Wands
 q - a wand of paralysis (7)
 r - a wand of flame (7)
Scrolls
 d - 2 scrolls of poison
 f - a scroll of fear
 m - 2 scrolls of torment
 n - 3 scrolls of enchant weapon
 s - a scroll of immolation
 t - a scroll of fog
 u - a scroll of vulnerability
 w - a scroll of teleportation
Potions
 c - a potion of cancellation
 e - 3 potions of curing
 g - a potion of might
 k - a potion of heal wounds
 l - 2 potions of enlightenment
 p - a potion of mutation
 v - a potion of resistance


   Skills:
 * Level 8.0(8.8) Fighting
 - Level 0.6(1.0) Armour
 - Level 2.1 Dodging
 - Level 1.5 Stealth
 + Level 6.9(7.7) Spellcasting
 + Level 6.9 Conjurations
 + Level 6.9 Hexes
   Level 0.0 Charms
 + Level 6.9(7.7) Summonings
 + Level 6.9(7.7) Necromancy
 + Level 6.9 Translocations
 + Level 6.9 Transmutations
 + Level 6.9(7.7) Fire Magic
 + Level 6.9(7.7) Ice Magic
 + Level 6.9(7.7) Air Magic
 + Level 6.9(7.7) Earth Magic
 + Level 6.9 Poison Magic


You knew the following spells:

 Your Spells              Type           Power      Damage    Failure   Level
a - Freeze                Ice            100%       1d10      1%          1
b - Frozen Ramparts       Ice            96%        1d15      1%          3
c - Ozocubu's Armour      Ice            48%        N/A       1%          3
d - Summon Ice Beast      Ice/Summ       48%        N/A       2%          4
e - Slow                  Hex            100%       N/A       1%          1
f - Passwall              Tmut/Erth      38%        N/A       1%          2
g - Summon Guardian Gole  Hex/Summ       46%        N/A       1%          3
h - Call Canine Familiar  Summ           48%        N/A       1%          3
Your spell library was empty.

Dungeon Overview and Level Annotations

Branches:
Dungeon (7/15)             Temple (1/1) D:6

Altars:
Ashenzari
Elyvilon
Gozag
Hepliaklqana
Nemelex Xobeh
Wu Jian
Xom
Yredelemnul
Zin
The Shining One
Lugonu

Shops:
D:1 (=?   D:2 (!(

Annotations:
D:4 digging


Innate Abilities, Weirdness & Mutations

You are immune to sickness and miasma.
You are immune to poison.
Your flesh is very heat resistant. (rF++)
You are vulnerable to cold. (rC-)
You float through the air rather than walking.
You learn spells naturally, not from books.
Your magical power is your life essence.
You have superior vitality. (+4 MHP)


Message History

* * * LOW HITPOINT WARNING * * *
The juvenile fireshock beast blinks!
The wall freezes the larval shockox beast but does no damage.
Casting: Freeze (safe; 1% risk of failure)
Confirm with . or Enter, or press ? or * to list all spells.
Aiming: Freeze (safe; 1% risk of failure)
Press: ? - help, Shift-Dir - straight line, f - larval shockox beast, p - juvenile fireshock beast
Aim: a larval shockox beast (translocational energy, almost dead)
You freeze the larval shockox beast.
The larval shockox beast resists.
You kill the larval shockox beast!
* * * LOW HITPOINT WARNING * * *
The wall freezes the larval stingfire beast.
The larval stingfire beast breathes flames at you.
The blast of flame hits you. You resist.
* * * LOW HITPOINT WARNING * * *
The heat melts your icy armour.
Unknown command.
Unknown command.
A howler monkey comes into view.
The wall freezes the larval stingfire beast.
The juvenile fireshock beast bursts into living lightning!
The living lightning hits you. You resist.
* * * LOW HITPOINT WARNING * * *
The juvenile fireshock beast blinks!
The larval weirdox beast resists.
The wall freezes the larval weirdox beast.
The howler monkey howls!
Casting: Freeze (safe; 1% risk of failure)
Confirm with . or Enter, or press ? or * to list all spells.
Aiming: Freeze (safe; 1% risk of failure)
Press: ? - help, Shift-Dir - straight line, f - juvenile fireshock beast
Aim: a juvenile fireshock beast (severely wounded)
You freeze the juvenile fireshock beast!
The juvenile fireshock beast is almost dead.
* * * LOW HITPOINT WARNING * * *
Your icy armour evaporates.
The wall freezes the howler monkey!
The wall freezes the juvenile fireshock beast.
The juvenile fireshock beast bursts into living lightning!
The living lightning hits you! You resist.
You die...

#........#....#
#........'....#
##.##....#...##
#. #....######
#....'....#
##...#....#
##..######
##......#
#@.....#
#H.....#
H#.....#
H.#..>..#
..##.....# ..#
#.....# ...
#.....# ...
.....#


You could see 3 mutant beasts.

Vanquished Creatures
  A water moccasin (D:6)
  3 ice beasts
  3 centaurs
  An ogre (D:5)
  2 bullfrogs (D:6)
  5 scorpions
  3 hounds
  A gnoll bouda (D:6)
  3 jellies
  3 orc priests (D:5)
  3 iguanas
  3 orc wizards
  A mutant beast (D:7)
  5 adders
  8 gnolls
  2 ufetubi (D:6)
  4 worms
  5 dart slugs
  11 orcs
  12 endoplasms
  A giant cockroach (D:3)
  12 goblins
  9 hobgoblins
  4 jackals (D:4)
  9 kobolds
  5 quokkas
  6 ball pythons
  5 bats
  2 frilled lizards (D:3)
  A rat (D:1)
133 creatures vanquished.

Notes
Turn   | Place    | Note
-------+----------+-------------------------------------------
     0 | D:1      | zenocrate the Djinni Ice Elementalist began the quest for
                  | the Orb.
     0 | D:1      | zenocrate set off with the following spells memorised:
                  | Freeze, Frozen Ramparts, Ozocubu's Armour, Summon Ice
                  | Beast.
     0 | D:1      | Reached XP level 1. HP: 15/15 MP: 0/0
   133 | D:1      | Reached XP level 2. HP: 2/22 MP: 0/0
   224 | D:1      | Found Imonus's Magic Scroll Boutique.
   274 | D:1      | Reached skill level 1 in Fighting
   293 | D:1      | Found Syqerios's Jewellery Boutique.
   356 | D:1      | Found Iczexit's Antique Weapon Shoppe.
   603 | D:1      | Reached XP level 3. HP: 26/27 MP: 0/0
   603 | D:1      | Learned a level 1 spell: Slow
   978 | D:2      | Found Iniczy's Antique Weapon Emporium.
  1080 | D:2      | Found Xyefojad's Weapon Emporium.
  1190 | D:2      | Reached XP level 4. HP: 14/33 MP: 0/0
  1356 | D:2      | Reached skill level 2 in Fighting
  1534 | D:2      | Found Lips's Distillery.
  1537 | D:2      | Bought a potion of degeneration for 12 gold pieces
  1537 | D:2      | Bought a potion of heal wounds for 60 gold pieces
  1537 | D:2      | Bought a potion of curing for 36 gold pieces
  2140 | D:3      | Found a broken altar of Ashenzari.
  2393 | D:3      | Reached XP level 5. HP: 34/39 MP: 0/0
  2393 | D:3      | Learned a level 2 spell: Passwall
  2463 | D:3      | Became a worshipper of Ashenzari the Shackled
  2929 | D:4      | Reached skill level 3 in Fighting
  2929 | D:4      | Reached XP level 6. HP: 37/46 MP: 0/0
  2929 | D:4      | Identified the +1 robe of Votz {rF- rCorr Dex+3}
  3093 | D:4      | Reached skill level 5 in Spellcasting
  3093 | D:4      | Reached skill level 5 in Conjurations
  3093 | D:4      | Reached skill level 5 in Hexes
  3093 | D:4      | Reached skill level 5 in Summonings
  3093 | D:4      | Reached skill level 5 in Necromancy
  3093 | D:4      | Reached skill level 5 in Translocations
  3093 | D:4      | Reached skill level 5 in Transmutations
  3093 | D:4      | Reached skill level 5 in Fire Magic
  3093 | D:4      | Reached skill level 5 in Ice Magic
  3093 | D:4      | Reached skill level 5 in Air Magic
  3093 | D:4      | Reached skill level 5 in Earth Magic
  3093 | D:4      | Reached skill level 5 in Poison Magic
  3250 | D:4      | Reached XP level 7. HP: 19/51 MP: 0/0
  3250 | D:4      | Learned a level 3 spell: Summon Guardian Golem
  3525 | D:4      | Reached skill level 4 in Fighting
  4166 | D:5      | Entered Level 5 of the Dungeon
  4433 | D:5      | Reached XP level 8. HP: 11/58 MP: 0/0
  4856 | D:5      | Reached skill level 5 in Fighting
  5254 | D:6      | Reached skill level 6 in Fighting
  5314 | D:6      | Found a white marble altar of Elyvilon.
  5318 | D:6      | Reached * piety under Ashenzari
  5474 | D:6      | Reached XP level 9. HP: 42/68 MP: 0/0
  5474 | D:6      | Learned a level 3 spell: Call Canine Familiar
  5613 | D:6      | Found a staircase to the Ecumenical Temple.
  5636 | Temple   | Entered the Ecumenical Temple
  5643 | Temple   | Reached skill level 7 in Fighting
  5856 | D:6      | Found a basalt altar of Yredelemnul.
  5856 | D:6      | Identified the +5 short sword of Outrage {antimagic, Fly
                  | rElec Int+3 Stlth-}
  6146 | D:6      | Reached skill level 8 in Fighting
  6395 | D:7      | Noticed a juvenile fireshock beast
  6405 | D:7      | HP: 2/71 [juvenile fireshock beast/living lightning (4)]
  6406 | D:7      | Killed from afar by a juvenile fireshock beast

Illustrated notes

Levels and vault maps discovered:
D:1:      lemuel_arrival_rhombus, layout_loops_cross, serial_shops,
          nicolae_shop_tiny_real_fake_doors, nicolae_shop_pleasant_corner_grove,
          shop
D:2:      layout_loops_ring, serial_shops, nicolae_shop_behind_doors,
          nicolae_shop_behind_doors, nicolae_shop_advertising_works
          [nicolae_subvault_shop_adworks]
D:3:      layout_loops_ring, ashenzari_altar_1
D:4:      minmay_inner_zag, layout_rooms, due_unseen_surprise
D:5:      layout_rooms, vehumet_altar_wand_db
D:6:      layout_basic, mainiacjoe_overflow_alcove_2, elyvilon_altar_1,
          minmay_temple_entry_wispy, kennysheep_generic_room_10
D:7:      layout_gridville, serial_bayou, serial_bayou_pond_d,
          serial_bayou_lagoon_a, serial_bayou_lake_a, serial_bayou_shore_b,
          nicolae_beast_mode
Temple:   corrupted_temple

Skill      XL: |  1  2  3  4  5  6  7  8  9 |
---------------+----------------------------+-----
Fighting       | 1 2 3 4 6 8 |  8.0
Spellcasting   | 4 5 6 |  6.9
Conjurations   | 4 5 6 |  6.9
Hexes          | 4 5 6 |  6.9
Summonings     | 4 5 6 |  6.9
Necromancy     | 4 5 6 |  6.9
Translocations | 4 5 6 |  6.9
Transmutations | 4 5 6 |  6.9
Fire Magic     | 4 5 6 |  6.9
Ice Magic      | 4 5 6 |  6.9
Air Magic      | 4 5 6 |  6.9
Earth Magic    | 4 5 6 |  6.9
Poison Magic   | 4 5 6 |  6.9
Armour         | |  0.6
Dodging        | |  2.1
Stealth        | |  1.5

Action                     |  1- 3 |  4- 6 |  7- 9 || total
---------------------------+-------+-------+-------++-------
  Melee: Unarmed           |    11 |       |       ||    11
         Whip              |    15 |       |       ||    15
         Short sword       |     4 |    71 |    70 ||   145
         Punch             |     1 |     1 |     1 ||     3
         Dagger            |       |       |    25 ||    25
   Cast: Freeze            |    43 |    59 |    68 ||   170
         Frozen Ramparts   |       |     8 |    13 ||    21
         Ozocubu's Armour  |       |     3 |    11 ||    14
 Invoke: Curse Item        |       |       |     2 ||     2
  Evoke: Wand              |       |       |     6 ||     6
    Use: Scroll            |       |       |     4 ||     4
         Potion            |       |       |     2 ||     2
   Stab: Sleeping          |     1 |     2 |     2 ||     5
 Armour: Robe              |    30 |    85 |   129 ||   244
  Dodge: Dodged            |    37 |    77 |    99 ||   213

Table legend: (Time is in decaauts)
 A = Elapsed time spent in this place.
 B = Non-inter-level travel time spent in this place.
 C = Inter-level travel time spent in this place.
 D = Time resting spent in this place.
 E = Time spent auto-exploring this place.
 F = Levels seen in this place.
 G = Mean time per level.
                   A        B        C        D        E       F      G
               +--------+--------+--------+--------+--------+-----+--------+
         Total |   6404 |   6204 |    200 |    157 |   5001 |   8 |  800.5 |
       Dungeon |   6328 |   6128 |    200 |    149 |   4940 |   7 |  904.0 |
        Temple |     76 |     76 |      0 |      8 |     61 |   1 |   76.0 |
               +--------+--------+--------+--------+--------+-----+--------+

Top non-repeatable levels by time:
     D:4: 1331 daAuts
     D:6: 1210 daAuts
     D:3: 1147 daAuts
     D:5: 897 daAuts
     D:1: 860 daAuts
     D:2: 831 daAuts
  Temple: 76 daAuts
     D:7: 49 daAuts
